 Dungeon Crawl Stone Soup version 0.29-a0-577-gafbf2c5d25 (webtiles) character file.

Game seed: 12518854384556585326

84 DocClef the Sneak (level 4, -6/40 HPs)
             Began as a Draconian Delver on June 13, 2022.
             Mangled by an iguana (12 damage)
             ... on level 5 of the Dungeon.
             The game lasted 00:01:35 (1787 turns).

DocClef the Sneak (Draconian Delver)                Turns: 1787, Time: 00:01:36

Health: -6/40      AC:  5    Str: 14    XL:     4   Next: 24%
Magic:  4/4        EV: 12    Int: 11    God:
Gold:   83         SH:  0    Dex: 14    Spells: 3/3 levels left

rFire   . . .      SeeInvis .   a - +0 short sword
rCold   . . .      Faith    .   (no shield)
rNeg    . . .      Spirit   .   (body armour unavailable)
rPois   .          Reflect  .   (helmet restricted)
rElec   .          Harm     .   (no cloak)
rCorr   .          Rampage  .   (no gloves)
Will    .....                   (no boots)
Stlth   +++.......              (no amulet)
HPRegen 0.13/turn               (no ring)
MPRegen 0.09/turn               (no ring)

@: no status effects
A: AC +5, unfitting armour, cold-blooded
a: no special abilities


You were on level 5 of the Dungeon.
You visited 1 branch of the dungeon, and saw 3 of its levels.

You collected 83 gold pieces.

Inventory:

Hand Weapons
 a - a +0 short sword (weapon)
Jewellery
 i - a +6 ring of intelligence
Wands
 f - a wand of digging (3)
Scrolls
 b - a scroll of fog
 c - a scroll of magic mapping
 d - a scroll of fear
 g - a scroll of identify {unknown}
 h - a scroll of amnesia {unknown}
Potions
 e - a potion of haste
 j - a potion of brilliance {unknown}
 k - a potion of degeneration {unknown}


   Skills:
 + Level 3.9 Fighting
 + Level 2.5 Short Blades
 + Level 2.1 Dodging
 + Level 5.4 Stealth


You had 3 spell levels left.
You didn't know any spells.
Your spell library was empty.

Dungeon Overview and Level Annotations

Branches:
Dungeon (6/15)
 Temple: D:4-7

Altars:


Innate Abilities, Weirdness & Mutations

Your plain brown scales are hard. (AC +5)
You cannot fit into any form of body armour.
You are cold-blooded and may be slowed by cold attacks.


Message History

You hit the iguana but do no damage.
The iguana bites you but does no damage.
You hit the iguana but do no damage. You tail-slap the iguana.
The iguana is lightly wounded.
The iguana bites you but does no damage.
You barely miss the iguana.
The iguana is lightly wounded.
The iguana bites you.
You barely miss the iguana. You tail-slap the iguana.
The iguana is moderately wounded.
The iguana bites you.
You hit the iguana.
The iguana is heavily wounded.
The iguana bites you.
You hit the iguana.
The iguana is severely wounded.
The iguana hisses menacingly.
The iguana bites you!
You completely miss the iguana. You tail-slap the iguana.
The iguana is almost dead.
The iguana completely misses you.
You hit the iguana but do no damage.
You tail-slap the iguana, but do no damage.
The iguana is almost dead.
The iguana bites you but does no damage.
You hit the iguana but do no damage.
The iguana is almost dead.
The iguana bites you!
* * * LOW HITPOINT WARNING * * *
You completely miss the iguana.
The iguana is almost dead.
The iguana bites you.
* * * LOW HITPOINT WARNING * * *
You hit the iguana but do no damage.
The iguana is almost dead.
The iguana misses you.
You closely miss the iguana.
The iguana is almost dead.
The iguana bites you!
You die...

. 5. ...###### .....O..#
........# #########
........##############........
............l@................
###.....##############........
+...... #........ #.....##
#........ #.....# ##.###.#.
#.....# #....[.. #######
##...... #...... ######.....


You could see an iguana.

Vanquished Creatures
  A jelly (D:5)
  An orc wizard (D:5)
  A shadow imp (D:6)
  A worm (D:4)
  A dart slug (D:5)
  4 orcs
  2 ball pythons (D:4)
  An endoplasm (D:4)
  A giant cockroach (D:4)
  2 hobgoblins (D:4)
15 creatures vanquished.

Notes
Turn   | Place    | Note
-------+----------+-------------------------------------------
     0 | D:5      | DocClef the Draconian Delver began the quest for the Orb.
     0 | D:5      | Reached XP level 1. HP: 19/19 MP: 1/1
    19 | D:5      | Noticed a jelly
    30 | D:5      | Killed a jelly
    31 | D:5      | Reached skill level 5 in Stealth
    31 | D:5      | Reached XP level 2. HP: 18/26 MP: 2/2
    31 | D:5      | Reached XP level 3. HP: 22/31 MP: 3/3
   241 | D:6      | Noticed a scorpion
   831 | D:5      | Reached XP level 4. HP: 8/40 MP: 4/4
  1135 | D:4      | Noticed a scorpion
  1767 | D:5      | Noticed an ogre
  1787 | D:5      | Mangled by an iguana

Illustrated notes

Levels and vault maps discovered:
D:4:      layout_basic
D:5:      layout_basic, minmay_temple_entry_butterflies, serial_shops,
          nicolae_inconvenience_store
D:6:      layout_loops_cross, mainiacjoe_overflow_swirl, kennysheep_nondescript

Skill      XL: |  1  2  3 |
---------------+----------+-----
Stealth        | 5 |  5.4
Dodging        | 2 |  2.1
Fighting       | |  3.9
Short Blades   | |  2.5

Action                   |  1- 3 |  4- 6 || total
-------------------------+-------+-------++-------
Melee: Short sword       |    70 |    53 ||   123
       Tailslap          |    10 |    10 ||    20
       Punch             |       |     1 ||     1
 Stab: Sleeping          |     2 |     1 ||     3
Armor: Skin              |    26 |    16 ||    42
Dodge: Dodged            |    32 |    37 ||    69

Table legend: (Time is in decaauts)
 A = Elapsed time spent in this place.
 B = Non-inter-level travel time spent in this place.
 C = Inter-level travel time spent in this place.
 D = Time resting spent in this place.
 E = Time spent auto-exploring this place.
 F = Levels seen in this place.
 G = Mean time per level.
                   A        B        C        D        E       F      G
               +--------+--------+--------+--------+--------+-----+--------+
         Total |   1787 |   1787 |      0 |   1028 |    458 |   3 |  595.7 |
       Dungeon |   1787 |   1787 |      0 |   1028 |    458 |   3 |  595.7 |
               +--------+--------+--------+--------+--------+-----+--------+

Top non-repeatable levels by time:
     D:5: 784 daAuts
     D:4: 733 daAuts
     D:6: 269 daAuts
